[Event "*** Titled Tuesday Blitz"]
[Site "Chess.com"]
[Date "2020.02.04"]
[Round "7"]
[White "Lovkov_Roman"]
[Black "enriquetejedor"]
[Result "1/2-1/2"]
[WhiteElo "2719"]
[BlackElo "2529"]
[TimeControl "180+2"]
[EndTime "14:39:42 PST"]
[Termination "Game drawn by 50-move rule"]

1. e4 c6 2. d4 d5 3. exd5 cxd5 4. c4 Nf6 5. Nc3 Nc6 6. Nf3 Be6 7. Qb3 Na5 8. Qb5+ Bd7 9. cxd5 e6 10. Qe2 Be7 11. dxe6 Bxe6 12. Qd1 O-O 13. Be2 Rc8 14. O-O h6 15. Ne5 Nd5 16. Nxd5 Bxd5 17. Be3 Bf6 18. Qd2 Bxe5 19. dxe5 Nc4 20. Bxc4 Bxc4 21. Rfd1 Qxd2 22. Rxd2 a6 23. b3 Be6 24. Rad1 Kh7 25. f3 h5 26. Kf2 Kg6 27. Kg3 Rc3 28. Bd4 Rc6 29. Be3 Kf5 30.
Rd4 Rfc8 31. Rf4+ Kg6 32. Rd2 Rc3 33. Bf2 Rc2 34. Rfd4 Rc1 35. Kf4 Rh1 36. h3 Rcc1 37.
Rb4 b5 38. a4 bxa4 39. Rxa4 Bxb3 40. Rxa6+ Be6 41. Ra4 Rc3 42. Re4 Rf1 43. Red4 Ra3 44. Kg3 Rb1 45. Rd1 Rb2 46. R1d2 Rb1 47. Rd8 Kf5 48. Bc5 Ra5 49. Bd6 g5 50. Rb8 h4+ 51.
Kf2 Raa1 52. Rxb1 Rxb1 53. Ke3 Rb3+ 54. Kd4 Kf4 55. Be7 Rb7 56. Bd6 Kg3 57. Kc5 Ra7 58.
Kb6 Rd7 59. Kc6 Ra7 60. Rb2 Ra1 61. Be7 Kf4 62. Bf6 Rg1 63. Kd6 Kf5 64. Ke7 Rd1 65.
Kf8 Kg6 66. Ke7 Rd7+ 67. Ke8 Ra7 68. Rd2 Ra8+ 69. Bd8 Rb8 70. Kf8 Rc8 71. Ke7 Ra8 72. Bc7 Ra7 73. Kd6 Kf5 74. Rd4 Ra6+ 75. Kc5 Kg6 76.
Bd8 Ra8 77. Bf6 Rc8+ 78. Kb6 Rc2 79. f4 gxf4 80. Rxf4 Rxg2 81. Rxh4 Rh2 82. Kc5 Bxh3 83. Kd4 Rh1 84. Ke3 Rb1 85. Kf2 Be6 86. Rd4 Rb3 87.
Rd1 Kf5 88. Rc1 Ke4 89. Re1+ Kf4 90. Re2 Bg4 91. Ra2 Bf5 92. Ra4+ Be4 93. Ra2 Rh3 94. Re2 Rh2+ 95. Ke1 Rh1+ 96. Kd2 Rb1 97. Kc3 Rd1 98. Rd2 Rc1+ 99. Kd4 Rc7 100. Rf2+ Bf3 101. Rf1 Rd7+ 102. Kc5 Ke4 103. Re1+ Kf5 104. Rf1 Kf4 105. Kb6 Rd3 106. Kc7 Kf5 107. Rf2 Ke6 108. Ra2 Rc3+ 109. Kb6 Rc6+ 110. Kb5 Rc7 111. Ra6+ Kd5 112. Rd6+ Ke4 113. Kb6 Rc2 114. Rd7 Bh5 115. Rc7 Ra2 116. Rc4+ Kf5 117. Kc5 Be2 118. Rc1 Ra8 119. Kd4 Ra3 120. Rc3 Ra4+ 121. Kc5 Ke6 122. Rb3 Rc4+ 123. Kb6 Kd7 124. Rb2 Rc6+ 125. Ka5 Bf1 126. Rd2+ Ke6 127. Kb4 Rc1 128. Rd6+ Kf5 129. Rd7 Bc4 130. Rc7 Rb1+ 131. Kc3 Be6 132. Kd2 Ke4 1/2-1/2

[Event "*** Titled Tuesday Blitz"]
[Site "Chess.com"]
[Date "2020.02.04"]
[Round "8"]
[White "ruvat"]
[Black "LogoCzar"]
[Result "1/2-1/2"]
[WhiteElo "2400"]
[BlackElo "2499"]
[TimeControl "180+2"]
[EndTime "14:48:02 PST"]
[Termination "Game drawn by agreement"]

1. d4 d5 2. c4 c6 3. Nf3 Nf6 4. Qc2 g6 5. Bf4 Bg7 6. e3 O-O 7. Nc3 c5 8. dxc5 Qa5 9. Be5 dxc4 10. Bxc4 Nc6 11. Bxf6 Bxf6 12. O-O Bxc3 13. Qxc3 Qxc3 14.
bxc3 Na5 15. Bb3 Bd7 16. Ne5 Bc6 17. Rfd1 Rac8 1/2-1/2

[Event "*** Titled Tuesday Blitz"]
[Site "Chess.com"]
[Date "2020.02.04"]
[Round "8"]
[White "vellottiwizard"]
[Black "vugarrasulov"]
[Result "0-1"]
[WhiteElo "2685"]
[BlackElo "2908"]
[TimeControl "180+2"]
[EndTime "14:48:53 PST"]
[Termination "vugarrasulov won by resignation"]

1. e4 c5 2. Nf3 d6 3. d4 cxd4 4. Nxd4 Nf6 5. Nc3 a6 6. Be3 e5 7.
Nb3 Be7 8. f4 O-O 9. Be2 b5 10.
O-O Bb7 11. a4 Nxe4 12. Nxe4 Bxe4 13. axb5 axb5 14. Rxa8 Bxa8 15. fxe5 dxe5 16. Qxd8 Rxd8 17. Bxb5 Nd7 18. Rd1 Nf6 19. Rxd8+ Bxd8 20. Nd2 Nd5 21. Ba7 f5 22. c4 Nf4 23. Bb8 Bb6+ 24. Kf1 Bxg2+ 25.
Ke1 Kf7 26. Kd1 Ke6 27. b4 Bd4 28. c5 Nd5 29. Bc4 Kd7 30. Nb3 Ne3+ 0-1

[Event "*** Titled Tuesday Blitz"]
[Site "Chess.com"]
[Date "2020.02.04"]
[Round "8"]
[White "kasparicy"]
[Black "andrzej"]
[Result "0-1"]
[WhiteElo "2258"]
[BlackElo "2365"]
[TimeControl "180+2"]
[EndTime "14:49:39 PST"]
[Termination "andrzej won by checkmate"]

1. e4 c6 2. d4 d5 3. f3 e6 4.
Nc3 Qb6 5. Bd3 Nd7 6. Nge2 Bb4 7. O-O Ngf6 8. Kh1 dxe4 9. fxe4 e5 10. Be3 O-O 11. Qe1 Qc7 12. Ng3 Ng4 13. Nf5 exd4 14. Bxd4 Qxh2# 0-1

[Event "*** Titled Tuesday Blitz"]
[Site "Chess.com"]
[Date "2020.02.04"]
[Round "8"]
[White "quesfr"]
[Black "SerGo055"]
[Result "0-1"]
[WhiteElo "2085"]
[BlackElo "2554"]
[TimeControl "180+2"]
[EndTime "14:49:47 PST"]
[Termination "SerGo055 won by checkmate"]

1. e4 d5 2. exd5 Qxd5 3. Nf3 Nf6 4. d4 Bg4 5. Be2 Nc6 6. O-O O-O-O 7. c4 Qh5 8. Be3 e5 9. d5 e4 10. Nd4 Nxd4 11. Bxg4+ Nxg4 12. h3 Nf3+ 13. gxf3 Ne5 14. fxe4 Qxh3 15. f3 Rd6 16. Kf2 Rf6 17. Nd2 Qh2+ 18.
Ke1 Nd3# 0-1

[Event "*** Titled Tuesday Blitz"]
[Site "Chess.com"]
[Date "2020.02.04"]
[Round "8"]
[White "semchik73"]
[Black "Orest_Vovk"]
[Result "0-1"]
[WhiteElo "2300"]
[BlackElo "2386"]
[TimeControl "180+2"]
[EndTime "14:49:48 PST"]
[Termination "Orest_Vovk won by resignation"]

1. Nf3 Nf6 2. c4 e6 3. Nc3 Bb4 4. a3 Bxc3 5. dxc3 b6 6. g3 Bb7 7. Bg2 d6 8. O-O Nbd7 9. b4 O-O 10. Nd4 Bxg2 11. Kxg2 Ne5 12. Qb3 c5 13. Nf3 Nxf3 14. exf3 a5 15. Rd1 Qc7 16. Bf4 e5 17. Bg5 Rfc8 18.
b5 Ne8 19. Rd2 f6 20. Be3 a4 21. Qc2 Qf7 22. Rad1 Qxc4 23. Qf5 Rc7 24. Rd5 Re7 25.
R1d3 Qxb5 26. g4 Qd7 27. Qe4 Qe6 28. c4 g6 29. Rxd6 Nxd6 30. Qxa8+ Kg7 31. Qc6 Nxc4 32. Qa8 Nxe3+ 33. fxe3 e4 34. Rd8 exf3+ 35. Kh3 h5 36. Rg8+ Kh6 37. Rh8+ Kg5 0-1

[Event "*** Titled Tuesday Blitz"]
[Site "Chess.com"]
[Date "2020.02.04"]
[Round "8"]
[White "Dhaydon19"]
[Black "bazar-wokzal"]
[Result "1-0"]
[WhiteElo "2686"]
[BlackElo "2541"]
[TimeControl "180+2"]
[EndTime "14:50:19 PST"]
[Termination "Dhaydon19 won by resignation"]

1. e4 c5 2. Nc3 g6 3. g3 Bg7 4. Bg2 Nc6 5. Nge2 d6 6. d3 Nf6 7. O-O O-O 8. a4 Rb8 9. h3 a6 10. Be3 b5 11. axb5 axb5 12. Qd2 b4 13. Nd1 Nd7 14. Bh6 Bb7 15. Bxg7 Kxg7 16. Ne3 Ra8 17.
c3 Rxa1 18. Rxa1 e6 19. d4 Qc7 20. Rd1 cxd4 21. Nxd4 bxc3 22. Qxc3 e5 23. Nb5 Qa5 24. Nxd6 Qxc3 25. bxc3 Ba6 26. Ndf5+ gxf5 27. Nxf5+ Kg8 28. Rxd7 Rb8 29. Rd6 Rb1+ 30. Kh2 Bb5 31. Rxc6 Bxc6 32. Ne7+ Kf8 33. Nxc6 f6 34. Nb4 Rb2 35. Kg1 Rb1+ 36.
Bf1 Re1 37. Nd5 Kg7 38. f3 Rc1 39. Kf2 h5 40. h4 Rd1 41. Be2 Rc1 42. c4 Kg6 43. f4 exf4 44. Nxf4+ Kh6 45. Nxh5 Rc3 46. Nxf6 Kg6 47. Nd5 Rc1 48. Bd3 Kh5 49. e5 1-0

[Event "*** Titled Tuesday Blitz"]
[Site "Chess.com"]
[Date "2020.02.04"]
[Round "8"]
[White "volcanoexplorer"]
[Black "Jahonas"]
[Result "1-0"]
[WhiteElo "2606"]
[BlackElo "2414"]
[TimeControl "180+2"]
[EndTime "14:50:30 PST"]
[Termination "volcanoexplorer won by resignation"]

1. e4 c6 2. d4 d5 3. f3 dxe4 4. fxe4 e5 5. Nf3 Bg4 6. Bc4 Nd7 7. O-O Ngf6 8. h3 Bxf3 9. Qxf3 Bd6 10. c3 Qc7 11.
Bg5 h6 12. Bh4 O-O 13. Nd2 b5 14. Bb3 a5 15. a4 bxa4 16. Bxa4 Rab8 17. Nc4 Nh7 18.
Qg4 Nb6 19. Nxd6 Qxd6 20. Bg3 f6 21. Bb3+ Kh8 22. Rxa5 Nd7 23. Ra7 Rfd8 24. dxe5 Qc5+ 25. Bf2 Qxe5 26. Rxd7 Rxd7 27. Qxd7 1-0

[Event "*** Titled Tuesday Blitz"]
[Site "Chess.com"]
[Date "2020.02.04"]
[Round "8"]
[White "killer311"]
[Black "cukus"]
[Result "1-0"]
[WhiteElo "2298"]
[BlackElo "2455"]
[TimeControl "180+2"]
[EndTime "14:50:34 PST"]
[Termination "killer311 won on time"]

1. d4 d5 2. c4 c6 3. e3 Nf6 4.
Nf3 e6 5. b3 Nbd7 6. Bb2 Bd6 7.
Bd3 O-O 8. O-O Ne4 9. Nbd2 f5 10.
Ne5 Nxe5 11. dxe5 Be7 12. f4 Bd7 13. Nxe4 fxe4 14. Be2 Be8 15. Bg4 Qd7 16. Kh1 Bg6 17. Qe2 Bf5 18. Rad1 Rad8 19. Bh5 g6 20. Bg4 Bxg4 21.
Qxg4 Rf7 22. h4 Rf5 23. g3 Kg7 24. Qh3 h5 25. Kg2 Qe8 26. Kf2 1-0

[Event "*** Titled Tuesday Blitz"]
[Site "Chess.com"]
[Date "2020.02.04"]
[Round "8"]
[White "Hadza_3"]
[Black "francyIM"]
[Result "0-1"]
[WhiteElo "2400"]
[BlackElo "2584"]
[TimeControl "180+2"]
[EndTime "14:50:35 PST"]
[Termination "francyIM won by resignation"]

1. e4 e5 2. Nc3 Nf6 3. f4 d5 4.
fxe5 Nxe4 5. Nf3 c5 6. d3 Nxc3 7. bxc3 Nc6 8. Be2 Bf5 9. O-O Be7 10. Bf4 O-O 11. Rb1 b6 12. Qe1 Rc8 13. Qg3 Kh8 14. Rbe1 d4 15. c4 Nb4 16. Bd1 Nxa2 17. Nd2 Bh4 18.
Qf3 Bxe1 19. Rxe1 Nc3 20. g4 Be6 21. Qg3 g5 22. Nf3 gxf4 23. Qxf4 Rg8 24. h3 a5 25. g5 a4 26. h4 a3 27. Nd2 a2 28. Nb3 b5 29. Bh5 bxc4 30. dxc4 Bxc4 31. Bxf7 Bxf7 32. Qxf7 Rg7 33. Qf5 c4 34. Nd2 Nb1 0-1

[Event "*** Titled Tuesday Blitz"]
[Site "Chess.com"]
[Date "2020.02.04"]
[Round "8"]
[White "ChainsOfFantasia"]
[Black "saraswathii"]
[Result "1-0"]
[WhiteElo "2501"]
[BlackElo "2223"]
[TimeControl "180+2"]
[EndTime "14:50:39 PST"]
[Termination "ChainsOfFantasia won by resignation"]

1. d4 Nf6 2. Nf3 g6 3. c4 Bg7 4. Nc3 d6 5. e4 O-O 6. Be2 e5 7. O-O exd4 8. Nxd4 Nbd7 9. f3 Nb6 10. Kh1 Qe7 11. Bg5 h6 12. Be3 c6 13. Qd2 Kh7 14. Rae1 Re8 15. b3 Bd7 16. Bd3 Rad8 17. h3 Nh5 18. Qf2 Kg8 19. g4 Nf6 20. Qg2 Qf8 21.
f4 Nh7 22. f5 Nf6 23. h4 Nh7 24. fxg6 fxg6 25. Rxf8+ Rxf8 26. Nce2 1-0

[Event "*** Titled Tuesday Blitz"]
[Site "Chess.com"]
[Date "2020.02.04"]
[Round "8"]
[White "fusaran"]
[Black "DonBroca"]
[Result "1-0"]
[WhiteElo "2412"]
[BlackElo "2139"]
[TimeControl "180+2"]
[EndTime "14:50:46 PST"]
[Termination "fusaran won by resignation"]

1. e4 c5 2. f3 Nc6 3. Nc3 g6 4. Bc4 Bg7 5. Nge2 Nf6 6. d3 O-O 7. O-O Na5 8. Bb3 Nxb3 9. axb3 b6 10. Be3 Bb7 11. Qd2 d5 12. exd5 Nxd5 13. Nxd5 Bxd5 14. Nc3 Bc6 15. Qf2 Qd7 16. Rfe1 e6 17. Rad1 Rfd8 18. Ne4 Bxe4 19. fxe4 Bxb2 20. Kh1 Bd4 21. Rf1 Bxe3 22. Qxe3 Qd4 23. Qf4 Rd7 24. Rf3 a5 25. Rdf1 a4 26. bxa4 Rxa4 27. Qb8+ Kg7 28. Qxb6 Rda7 29. Qc6 Ra1 30.
Qe8 Rxf1+ 31. Rxf1 Qf6 32. Rg1 Ra1 33. Qd7 Qf2 34.
Rxa1 1-0

[Event "*** Titled Tuesday Blitz"]
[Site "Chess.com"]
[Date "2020.02.04"]
[Round "8"]
[White "secretsuperstar7"]
[Black "WelshTiger"]
[Result "1-0"]
[WhiteElo "2223"]
[BlackElo "2300"]
[TimeControl "180+2"]
[EndTime "14:50:59 PST"]
[Termination "secretsuperstar7 won by checkmate"]

1. d4 Nf6 2. Nf3 e6 3. e3 b6 4. Bd3 Bb7 5. O-O Be7 6. b3 O-O 7. Bb2 d5 8. Nbd2 Ne4 9. c4 Nd7 10. Qc2 f5 11. Ne1 Ndf6 12. f3 Nxd2 13. Qxd2 c5 14.
cxd5 Bxd5 15. Nc2 Rc8 16. Qe2 Qc7 17. e4 fxe4 18. fxe4 Ba8 19. Bc4 Qc6 20. d5 exd5 21.
exd5 Nxd5 22. Qxe7 Qh6 23. Ne3 Rfe8 24. Qf7+ Kh8 25.
Nxd5 Qd2 26. Qxg7# 1-0

[Event "*** Titled Tuesday Blitz"]
[Site "Chess.com"]
[Date "2020.02.04"]
[Round "8"]
[White "Fy_Rakotomaharo"]
[Black "SuperCheese"]
[Result "1-0"]
[WhiteElo "2578"]
[BlackElo "2678"]
[TimeControl "180+2"]
[EndTime "14:51:07 PST"]
[Termination "Fy_Rakotomaharo won by resignation"]

1. e4 e5 2. Nf3 Nc6 3. Bc4 Bc5 4. c3 Nf6 5. d3 O-O 6. O-O d6 7. Re1 Bb6 8. h3 Ne7 9. Nbd2 Ng6 10.
Nf1 c6 11. Ng3 h6 12. Bb3 d5 13. d4 dxe4 14. Nxe5 Nxe5 15. dxe5 Qxd1 16. Rxd1 Nd7 17. e6 Nc5 18. exf7+ Kh8 19. Be3 Nxb3 20. axb3 Bxe3 21. fxe3 Rxf7 22. Rd8+ Kh7 23. Nxe4 b6 24. Nd6 Rc7 25.
Rf1 Bb7 26. Nxb7 1-0

[Event "*** Titled Tuesday Blitz"]
[Site "Chess.com"]
[Date "2020.02.04"]
[Round "8"]
[White "AndrewDGreen"]
[Black "Kimster98"]
[Result "0-1"]
[WhiteElo "2263"]
[BlackElo "2682"]
[TimeControl "180+2"]
[EndTime "14:51:07 PST"]
[Termination "Kimster98 won by resignation"]

1. d4 Nf6 2. Nf3 b6 3. Bf4 Bb7 4. e3 g6 5. h3 Bg7 6. Be2 O-O 7. O-O c5 8. c3 d5 9. Na3 Nc6 10. Nb5 a6 11. Na3 Nd7 12. Bh2 e5 13. Nxe5 Ndxe5 14. dxe5 Nxe5 15. c4 Nxc4 16. Nxc4 dxc4 17. Bxc4 b5 18. Be2 Qxd1 19. Rfxd1 Bxb2 20. Rab1 Bg7 21. Rd7 Bc6 22. Rc7 Rfc8 23. a4 Rxc7 24. Bxc7 c4 25. a5 Rc8 26. Bb6 Be4 27. Rc1 c3 28. Kf1 c2 29. Bd4 Bxd4 30. exd4 b4 31. Bxa6 b3 0-1

[Event "*** Titled Tuesday Blitz"]
[Site "Chess.com"]
[Date "2020.02.04"]
[Round "8"]
[White "amiralfio"]
[Black "Aygehovit1992"]
[Result "1-0"]
[WhiteElo "2539"]
[BlackElo "2647"]
[TimeControl "180+2"]
[EndTime "14:51:12 PST"]
[Termination "amiralfio won by resignation"]

1. d4 g6 2. c4 Bg7 3. e4 d6 4.
Nc3 e5 5. dxe5 dxe5 6. Qxd8+ Kxd8 7. Bd2 c6 8. O-O-O Kc7 9. f4 Bg4 10. Be2 Bxe2 11. Ncxe2 Nd7 12. Nf3 Ngf6 13. fxe5 Nxe4 14.
Bf4 Ndc5 15. e6+ Kb6 16. exf7 Rhf8 17. Be3 a5 18. Rd7 Ka6 19. Rc7 Rad8 20. Nf4 Rd7 21. Rxd7 Nxd7 22. Ne6 b5 23. Nxf8 Nxf8 24. cxb5+ Kxb5 25. Rd1 c5 26. Rd8 Kc6 27. Ng5 Nxg5 28. Bxg5 Ne6 29. Rg8 Kd7 30. Rxg7 1-0

[Event "*** Titled Tuesday Blitz"]
[Site "Chess.com"]
[Date "2020.02.04"]
[Round "8"]
[White "WPWPWP-2015"]
[Black "Kobalia"]
[Result "0-1"]
[WhiteElo "2517"]
[BlackElo "2646"]
[TimeControl "180+2"]
[EndTime "14:51:13 PST"]
[Termination "Kobalia won by resignation"]

1. e4 c6 2. d4 d5 3. e5 Bf5 4. Be3 e6 5. Nd2 Ne7 6. c4 Bg6 7. h4 h6 8. h5 Bh7 9. Be2 Nf5 10. Ngf3 Nxe3 11. fxe3 c5 12. cxd5 exd5 13. O-O Nc6 14. Rc1 Qb6 15. Qb3 c4 16. Qxb6 axb6 17. a3 b5 18. Ne1 Be7 19. Bg4 Bg5 20. Rf3 Nxd4 21. exd4 Bxd2 22. Rd1 Bg5 23. e6 fxe6 24. Bxe6 Be4 25.
Rf1 Ke7 26. Bf5 Rhf8 27. Bxe4 Be3+ 28. Kh2 Rxf1 29. Bxd5 Bf2 30. Bxb7 Rb8 0-1

[Event "*** Titled Tuesday Blitz"]
[Site "Chess.com"]
[Date "2020.02.04"]
[Round "8"]
[White "Hrant_ChessMood"]
[Black "chessasuke"]
[Result "1-0"]
[WhiteElo "2896"]
[BlackElo "2667"]
[TimeControl "180+2"]
[EndTime "14:51:21 PST"]
[Termination "Hrant_ChessMood won by resignation"]

1. e4 e6 2. d4 d5 3. exd5 exd5 4. Nf3 Nf6 5. Bd3 Nc6 6. O-O Be7 7. Re1 O-O 8. c3 Bg4 9. Nbd2 Qd7 10. Nf1 Rae8 11. Ng3 Bd6 12. Bg5 Rxe1+ 13. Qxe1 Re8 14. Be3 Bxf3 15. gxf3 Ne7 16. Qd2 c6 17. Kh1 Kh8 18. Rg1 Qh3 19. Bf4 Bxf4 20. Qxf4 Ng6 21. Qc7 Nh4 22.
Qxf7 Nxf3 23. Rg2 Re1+ 24. Nf1 Qh6 25. Qf8+ Ng8 26. Qxf3 1-0

[Event "*** Titled Tuesday Blitz"]
[Site "Chess.com"]
[Date "2020.02.04"]
[Round "8"]
[White "Indianlad"]
[Black "joshdaruca"]
[Result "0-1"]
[WhiteElo "2928"]
[BlackElo "2737"]
[TimeControl "180+2"]
[EndTime "14:51:23 PST"]
[Termination "joshdaruca won on time"]

1. e4 c5 2. Nc3 d6 3. f4 g6 4.
Nf3 Bg7 5. Bc4 Nc6 6. O-O e6 7. d4 cxd4 8. Nb5 a6 9. Nbxd4 Nxd4 10. Nxd4 b5 11. Bb3 Nf6 12. f5 O-O 13. fxe6 fxe6 14. Nxe6 Bxe6 15. Bxe6+ Kh8 16. Bg5 Qb6+ 17. Kh1 Nxe4 18.
Bh4 Bxb2 19. c4 bxc4 20. Rb1 Qd4 21. Rxb2 Qxb2 22. Bd5 Nd2 23. Rf2 Rxf2 24. Bxf2 Rf8 25.
Bg1 Rf1 26. Qg4 Rxg1+ 27. Kxg1 Qb6+ 0-1

[Event "*** Titled Tuesday Blitz"]
[Site "Chess.com"]
[Date "2020.02.04"]
[Round "8"]
[White "MikeSailer"]
[Black "davigator"]
[Result "1-0"]
[WhiteElo "2128"]
[BlackElo "2241"]
[TimeControl "180+2"]
[EndTime "14:51:23 PST"]
[Termination "MikeSailer won by checkmate"]

1. Nf3 d5 2. b4 Bg4 3. e3 Nd7 4. Bb2 Ngf6 5. Be2 e6 6. a3 a5 7. b5 Be7 8. O-O O-O 9. c4 Nc5 10. d4 Nce4 11. Nbd2 a4 12. h3 Bh5 13. Ne5 Bxe2 14.
Qxe2 Bd6 15. Ndf3 h6 16. c5 Be7 17. Ne1 Nd7 18. Nxd7 Qxd7 19. Rc1 Ra5 20. c6 bxc6 21. bxc6 Qc8 22. Nd3 Qa6 23. Qc2 Rb8 24. Ne5 Rab5 25. Ba1 Rb3 26. Nd7 R8b5 27. f3 Nf6 28.
Nxf6+ Bxf6 29. e4 Rxa3 30. e5 Be7 31. f4 g6 32. f5 exf5 33. e6 fxe6 34. Qe2 Kf7 35.
Rfe1 Bf6 36. Qxe6+ Kg7 37. Qd7+ Kg8 38. Re8# 1-0

[Event "*** Titled Tuesday Blitz"]
[Site "Chess.com"]
[Date "2020.02.04"]
[Round "8"]
[White "Teidi96"]
[Black "AleksanderHnydiuk"]
[Result "0-1"]
[WhiteElo "2329"]
[BlackElo "2559"]
[TimeControl "180+2"]
[EndTime "14:51:24 PST"]
[Termination "AleksanderHnydiuk won by resignation"]

1. e4 c5 2. Nf3 e6 3. c3 d5 4. exd5 Qxd5 5. d4 Nf6 6. Be3 cxd4 7. Qxd4 Nc6 8. Qxd5 Nxd5 9. Bd2 Be7 10. Bd3 O-O 11. O-O Rd8 12. Bc2 b6 13. Bg5 f6 14.
Bh4 Ba6 15. Re1 Nf4 16. Nbd2 g5 17. Bg3 Ne2+ 18. Kh1 g4 19. Nd4 Ncxd4 20. cxd4 Rxd4 21. Nb3 Nxg3+ 22. hxg3 Rd6 23. Re3 Rc8 24. Bd1 f5 25. Be2 Bb7 26. Bd3 Bg5 27. Re2 Rxd3 28. Rxe6 Rcd8 29.
Rae1 Rd1 0-1

[Event "*** Titled Tuesday Blitz"]
[Site "Chess.com"]
[Date "2020.02.04"]
[Round "8"]
[White "MateusViageiro"]
[Black "HashtagChess"]
[Result "1-0"]
[WhiteElo "2181"]
[BlackElo "1618"]
[TimeControl "180+2"]
[EndTime "14:51:33 PST"]
[Termination "MateusViageiro won by resignation"]

1. e4 c5 2. Nf3 e6 3. d4 cxd4 4. Nxd4 a6 5. Bd3 Nc6 6. Nb3 Qc7 7. O-O b5 8. Kh1 Bb7 9. f4 d6 10. a4 b4 11. N3d2 a5 12. Nc4 g6 13. Be3 Rb8 14. Bb6 Qd7 15. Nxa5 Nxa5 16. Bxa5 Bg7 17. c3 bxc3 18.
Bb4 Nf6 19. Bxc3 O-O 20. Nd2 Rfd8 21. Qe2 Qc6 22. a5 d5 23. e5 Ne4 24. a6 Nxc3 25.
bxc3 Ba8 26. a7 Rb2 27. Rfc1 Rc8 28. c4 dxc4 29. Rxc4 Qxg2+ 30. Qxg2 Bxg2+ 31. Kxg2 Rxd2+ 32. Kg1 Ra8 33. Be4 1-0

[Event "*** Titled Tuesday Blitz"]
[Site "Chess.com"]
[Date "2020.02.04"]
[Round "8"]
[White "HanSchut"]
[Black "FearNoEvil12"]
[Result "0-1"]
[WhiteElo "2317"]
[BlackElo "2059"]
[TimeControl "180+2"]
[EndTime "14:51:46 PST"]
[Termination "FearNoEvil12 won on time"]

1. e4 a6 2. d4 b5 3. Bd3 Bb7 4. Qe2 e6 5. f4 c5 6. c3 Qb6 7. Nf3 Nf6 8. O-O Nc6 9. d5 c4+ 10. Kh1 cxd3 11. Qxd3 Ne7 12. Be3 Qd8 13. d6 Nc6 14. e5 Nd5 15. Nbd2 f6 16. Ne4 f5 17.
Nc5 Rb8 18. Ng5 Nxe3 19. Qxe3 g6 20. Rad1 Bg7 21. Ngxe6 Qc8 22. Nxg7+ Kf7 23. Nge6 dxe6 24.
d7 Qf8 25. Rd6 Nd8 26. Rfd1 Qe7 27. a4 bxa4 28. Ra1 Bc6 29. Qd2 Rb5 30. Nxa6 Rd5 31. Rxd5 Bxd5 0-1

[Event "*** Titled Tuesday Blitz"]
[Site "Chess.com"]
[Date "2020.02.04"]
[Round "8"]
[White "Fortitudine"]
[Black "RestartingChess"]
[Result "1-0"]
[WhiteElo "2248"]
[BlackElo "2340"]
[TimeControl "180+2"]
[EndTime "14:51:51 PST"]
[Termination "Fortitudine won by resignation"]

1. d4 Nf6 2. Nc3 d5 3. Bg5 Bf5 4. e3 e6 5. Bd3 Bxd3 6. Qxd3 h6 7. Bh4 Bd6 8. Nge2 Nbd7 9. Bg3 Nb6 10. e4 Bb4 11.
Qb5+ Qd7 12. Qxb4 dxe4 13. Be5 O-O-O 14. Bxf6 gxf6 15. Nxe4 f5 16. Nc5 Qc6 17. f3 Rhe8 18. O-O-O e5 19. dxe5 Rxd1+ 20. Rxd1 Rxe5 21. Qd4 Re8 22. Nc3 a6 23. Nd3 Kb8 24. Ne5 Qe6 25. Nd7+ Nxd7 26.
Qxd7 Qe3+ 27. Qd2 f4 28. Qxe3 fxe3 29. Re1 f5 30. f4 c6 31. g3 Kc7 32. Nd1 e2 33. Nc3 Re3 34. Rxe2 Rf3 35. Kd2 Rf1 36. Re1 Rf2+ 37. Re2 Rf1 38. Nd1 Rh1 39. Ne3 c5 40. Nxf5 b5 41. a3 Kb6 42. g4 b4 43. axb4 cxb4 44.
g5 a5 45. gxh6 1-0

[Event "*** Titled Tuesday Blitz"]
[Site "Chess.com"]
[Date "2020.02.04"]
[Round "8"]
[White "Walter_White_Poland"]
[Black "King_of_the_wing"]
[Result "1-0"]
[WhiteElo "2236"]
[BlackElo "2033"]
[TimeControl "180+2"]
[EndTime "14:51:54 PST"]
[Termination "Walter_White_Poland won on time"]

1. e4 e6 2. d4 d5 3. Nc3 Nf6 4. Bg5 Bb4 5. e5 h6 6. Be3 Ne4 7. Qg4 Kf8 8. a3 Bxc3+ 9. bxc3 Nxc3 10. Bd3 c5 11. dxc5 Qa5 12. Qb4 Nc6 13. Qxa5 Nxa5 14. Ne2 Nxe2 15. Kxe2 Bd7 16. Rhb1 Rb8 17. c6 Nxc6 18.
Bc5+ Ke8 19. Bd6 Rc8 20. Rxb7 Na5 21. Rxa7 Nc4 22. Rb1 Nxd6 23. exd6 Bc6 24. Rb6 Ba8 25. d7+ 1-0

[Event "*** Titled Tuesday Blitz"]
[Site "Chess.com"]
[Date "2020.02.04"]
[Round "8"]
[White "XiaoKangZhong"]
[Black "Perecke"]
[Result "1-0"]
[WhiteElo "2360"]
[BlackElo "2275"]
[TimeControl "180+2"]
[EndTime "14:51:55 PST"]
[Termination "XiaoKangZhong won by resignation"]

1. e4 e5 2. Nf3 Nc6 3. Bc4 Be7 4. O-O Nf6 5. Re1 O-O 6. c3 d6 7. d4 exd4 8. cxd4 Bg4 9. d5 Bxf3 10. Qxf3 Ne5 11. Qb3 Nxc4 12. Qxc4 Qd7 13. Nc3 c6 14. f3 Rfc8 15. Qd4 Bd8 16. Kh1 Bb6 17. Qd3 cxd5 18. exd5 Re8 19. Bg5 Bd8 20. Rxe8+ Qxe8 21. Qd2 h6 22. Re1 Qd7 23. Be3 Ba5 24. a3 Re8 25. b4 Bc7 26. Bd4 Nh7 27. Rxe8+ Qxe8 28. Kg1 Nf8 29. Ne4 f5 30. Ng3 g6 31. Qxh6 Qe7 32. Qh8+ Kf7 33. Qg7+ Ke8 34. Qxe7+ Kxe7 35. Ne2 a6 36. Kf2 Nd7 37. h4 Ne5 38. Nf4 Kf7 39. Ne6 1-0

[Event "*** Titled Tuesday Blitz"]
[Site "Chess.com"]
[Date "2020.02.04"]
[Round "8"]
[White "BeanScreen"]
[Black "victormago"]
[Result "0-1"]
[WhiteElo "2570"]
[BlackElo "2441"]
[TimeControl "180+2"]
[EndTime "14:51:56 PST"]
[Termination "victormago won by resignation"]

1. e4 c5 2. Nf3 d6 3. d4 cxd4 4. Nxd4 Nf6 5. Nc3 a6 6. Be3 e5 7. Nb3 Be7 8. h3 Be6 9. f4 exf4 10. Bxf4 Nc6 11. Qe2 Ne5 12. O-O-O Qc7 13. g4 Rc8 14. g5 Nfd7 15. Nd5 Bxd5 16. exd5 O-O 17. Nd4 Rfe8 18. Nf5 Bf8 19. Qg2 Ng6 20. Be3 Re5 21. Bd3 Nc5 22. Bxc5 Qxc5 23. Rhf1 Rxd5 24. Kb1 Ne5 25. Be4 Rxd1+ 26. Rxd1 Nc4 27. Rg1 g6 28. Nh4 Qd4 29. c3 Qxe4+ 30. Qxe4 Nd2+ 31. Kc2 Nxe4 32. Nf3 Re8 33. Nd4 Nc5 34. b4 Ne6 35. Re1 Nxd4+ 0-1

[Event "*** Titled Tuesday Blitz"]
[Site "Chess.com"]
[Date "2020.02.04"]
[Round "8"]
[White "Gabrielian_Artur"]
[Black "Borsuk_Konstantin"]
[Result "1-0"]
[WhiteElo "2759"]
[BlackElo "2541"]
[TimeControl "180+2"]
[EndTime "14:51:58 PST"]
[Termination "Gabrielian_Artur won on time"]

1. e4 e6 2. Qe2 c5 3. g3 Nc6 4. Bg2 g6 5. Nf3 Bg7 6. O-O d6 7. c3 Nge7 8. Rd1 Qb6 9. Na3 O-O 10. d4 cxd4 11. cxd4 d5 12. e5 Bd7 13. Nc2 Nb4 14.
Nxb4 Qxb4 15. Bg5 Nf5 16. a3 Qb5 17. Qd2 h6 18. Bf6 Kh7 19. g4 Bxf6 20. exf6 Nd6 21. Ne5 Nc4 22. Qf4 Nxe5 23. dxe5 Rac8 24. Bf1 Qxb2 25.
Rab1 Qc2 26. Bd3 Qc7 27. h4 Rg8 28. h5 Be8 29. Rbc1 Qd8 30. Rxc8 Qxc8 31. hxg6+ fxg6 32. f7 Rf8 33. fxe8=Q Qxe8 34. Qe3 Kg7 35. Rc1 b6 36. Kg2 Qe7 37. Rh1 Rh8 38. Bb1 1-0

[Event "*** Titled Tuesday Blitz"]
[Site "Chess.com"]
[Date "2020.02.04"]
[Round "8"]
[White "kacprekt"]
[Black "Chigorinetz"]
[Result "0-1"]
[WhiteElo "2412"]
[BlackElo "2576"]
[TimeControl "180+2"]
[EndTime "14:52:00 PST"]
[Termination "Chigorinetz won by resignation"]

1. d4 d5 2. c4 Nc6 3. Nf3 Bg4 4. Nc3 e6 5. Qa4 Bxf3 6. gxf3 Bb4 7. e3 Ne7 8. f4 O-O 9. Bd2 a6 10.
a3 Bxc3 11. bxc3 dxc4 12. Qxc4 Nd5 13. e4 Nb6 14. Qd3 f5 15. e5 Qd5 16. Rg1 Na5 17. Bg2 Qc4 18. Qg3 Rf7 19. Rd1 Rd8 20. h4 c5 21. Bf1 Qb3 22. dxc5 Nbc4 23. Be2 Rfd7 24. f3 Qc2 25. Bxc4 Nxc4 26. Rg2 Nxa3 27. Rc1 Qd3 28. h5 Nc4 29. h6 Nxd2 30. Kf2 Nc4 31. Kg1 Qe3+ 32.
Kh2 Qxc1 33. c6 bxc6 34. Qg5 Nxe5 35. Qg3 Ng6 36. hxg7 Qxf4 0-1